Map: Ulrena

Players

Gen - Winner!

  • Race: Zerg Zerg
  • League: Platinum

LilDicky

  • Race: Terran Terran
  • League: Diamond

VOD

http://www.twitch.tv/tumescentpie

Description

Time

  • Played on: Jan. 5, 2016, 10 p.m.
  • Length: 11:23
Show
View Real Time Build Order
Export as new Build Order

Gen Zerg - Winner!

Build Orders: Hatch First 

Get SALT Encoding   

  12  0:01  Drone  
  13  0:08  Drone  
  14  0:17  Overlord  
  14  0:23  Drone, Extractor  
  15  0:35  Drone x2  
  17  0:54  Hatchery  
  16  0:58  Drone  
  16  0:59  Extractor  
  16  1:01  Drone  
  17  1:17  Spawning Pool  
  16  1:20  Drone  
  17  1:25  Drone  
  17  1:32  Drone  
  19  1:48  Drone  
  19  1:53  Drone  
  21  2:05  Queen  
  21  2:06  Metabolic Boost  
  23  2:08  Queen  
  23  2:15  Zergling x2  
  26  2:25  Drone  
  26  2:26  Drone  
  26  2:28  Overlord  
  28  2:47  Hatchery, Spore Crawler  
  28  2:50  Drone  
  28  2:51  Drone x2  
  30  3:00  Queen  
  30  3:02  Drone  
  33  3:05  Overlord  
  33  3:09  Drone  
  34  3:13  Drone x2  
  36  3:26  Drone x6  
  42  3:34  Roach Warren  
  41  3:36  Drone x2  
  41  3:41  Overlord  
  42  3:49  Drone  
  42  3:50  Overlord  
  43  4:03  Queen  
  43  4:05  Queen  
  47  4:17  Overlord  
  47  4:20  Extractor  
  46  4:24  Drone  
  46  4:25  Drone x7, Extractor x2  
  52  4:41  Evolution Chamber  
  52  4:42  Evolution Chamber  
  50  4:59  Roach  
  56  5:00  Roach x2  
  56  5:02  Drone x6  
  62  5:15  Drone x4  
  62  5:18  Hatchery, Roach x3  
  62  5:19  Roach  
  71  5:42  Roach x5  
  73  5:47  Overlord x4  
  66  6:06  Roach x6  
  78  6:16  Roach x2  
  78  6:17  Roach  
  80  6:19  Zerg Missile Weapons Level 1  
  80  6:20  Zerg Ground Armor Level 1  
  80  6:21  Lair  
  80  6:23  Drone  
  77  6:30  Drone x2  
  79  6:40  Drone  
  79  6:41  Drone x3  
  81  6:49  Drone  
  81  6:50  Drone x6  
  81  6:54  Extractor  
  87  6:55  Ravager x4  
  87  6:56  Ravager  
  87  6:59  Drone x2  
  87  7:00  Drone x2  
  92  7:20  Drone x12  
  92  7:21  Burrow  
  101  7:39  Drone x3  
  101  7:40  Overlord  
  101  7:41  Overlord x2  
  104  7:45  Spire  
  104  7:47  Infestation Pit  
  102  7:56  Drone x2  
  104  7:59  Extractor  
  103  8:08  Roach x10  
  123  8:16  Hatchery  
  122  8:25  Ravager x2  
  126  8:27  Roach x2  
  126  8:29  Overlord x7  
  128  8:34  Extractor  
  91  8:50  Roach  
  91  8:51  Roach x9  
  96  9:01  Roach x4  
  100  9:07  Queen  
  100  9:09  Roach x3  
  110  9:10  Roach  
  110  9:11  Glial Reconstitution  
  110  9:21  Ravager  
  110  9:23  Ravager  
  112  9:26  Zergling x2  
  112  9:27  Zergling x12  
  119  9:32  Hatchery  
  118  9:39  Extractor  
  118  9:41  Drone x2  
  118  9:42  Drone x5  
  124  9:50  Ravager x3  
  124  9:51  Ravager x3  
  130  9:54  Roach  
  130  9:55  Roach x2  
  136  10:03  Hive  
  109  10:30  Roach x7  
  109  10:31  Roach x13  
  126  10:47  Ravager  
  126  10:48  Ravager x2  
  129  11:12  Hatchery  
Show
View Real Time Build Order
Export as new Build Order

LilDicky Terran 

Build Orders: Reaper Expand, Mech 

Get SALT Encoding   

  12  0:01  SCV  
  13  0:13  SCV  
  14  0:18  Supply Depot  
  14  0:25  SCV  
  15  0:39  SCV  
  16  0:43  Barracks  
  16  0:47  Refinery  
  16  0:52  SCV  
  17  1:05  SCV  
  18  1:17  SCV  
  19  1:32  Reaper  
  20  1:36  Command Center  
  20  1:41  Orbital Command  
  20  1:48  Refinery  
  20  2:05  Supply Depot  
  20  2:10  Barracks Reactor, SCV  
  21  2:21  Factory  
  21  2:27  SCV  
  22  2:50  Marine x2  
  22  2:51  Orbital Command  
  24  2:56  SCV  
  25  2:59  Factory  
  25  3:02  Factory  
  25  3:08  Orbital Command  
  25  3:17  SCV  
  26  3:25  Bunker  
  26  3:30  SCV  
  26  3:34  Hellion x2  
  31  3:37  SCV  
  32  3:42  SCV  
  32  3:49  Factory Tech Lab  
  32  3:51  Factory Tech Lab  
  32  3:53  Marine  
  33  3:59  Hellion x2  
  33  4:02  Supply Depot  
  37  4:03  SCV  
  37  4:05  SCV  
  39  4:17  SCV  
  39  4:19  Siege Tank x2  
  39  4:23  Marine  
  39  4:24  Hellion  
  49  4:25  Hellion  
  49  4:30  Supply Depot  
  51  4:32  SCV  
  51  4:34  SCV  
  51  4:38  Supply Depot  
  53  4:44  SCV, Infernal Pre-Igniter  
  54  4:52  SCV, Hellion x2  
  59  4:59  SCV  
  60  5:11  Supply Depot, Marine  
  60  5:12  Siege Tank x2  
  60  5:13  Supply Depot  
  60  5:50  Hellion x2, Siege Tank  
  62  6:14  Hellion x2, Siege Tank  
  67  6:19  Marine  
  68  6:31  SCV  
  68  6:32  Hellion  
  71  6:33  Command Center  
  71  6:35  Hellion  
  71  6:36  Engineering Bay  
  71  6:37  Marine  
  71  6:39  SCV  
  75  6:41  Armory  
  75  6:46  Siege Tank  
  78  6:48  Refinery x2  
  68  7:16  Hellion x2, Siege Tank  
  73  7:23  Hellion  
  73  7:37  Hellion x2  
  73  7:43  SCV x2  
  75  7:44  Siege Tank  
  75  7:48  Hellion  
  82  7:58  Hellion  
  82  7:59  Hellion  
  82  8:02  Command Center  
  84  8:09  Siege Tank  
  84  8:12  Missile Turret  
  87  8:13  Missile Turret  
  87  8:14  Terran Vehicle And Ship Armor Level 1  
  87  8:15  Missile Turret, Drilling Claws  
  87  8:16  Missile Turret  
  87  8:24  Missile Turret  
  87  8:25  SCV x2, Missile Turret  
  89  8:34  Missile Turret  
  89  8:36  Missile Turret  
  71  8:51  Hellion x4  
  68  9:12  SCV  
  68  9:13  SCV  
  68  9:14  Hellion x2  
  74  9:21  Orbital Command  
  74  9:25  SCV x2  
  76  9:34  Planetary Fortress  
  76  9:39  Missile Turret  
  76  9:41  SCV  
  76  9:42  SCV  
  78  9:54  SCV x2  
  78  9:55  Missile Turret  
  78  9:57  Missile Turret  
  78  9:58  Hellion x2  
  84  10:00  Hellion  
  84  10:01  Hellion  
  60  10:30  Hellion, Siege Tank  
  60  10:31  Hellion x2  
  52  10:52  Hellion x2, Starport  
  52  10:54  Starport  
  52  10:56  SCV  
  52  10:57  SCV, Factory  
  61  11:00  SCV, Factory, Refinery  
  61  11:01  Refinery  
  61  11:02  SCV  
  66  11:08  SCV  
  66  11:09  SCV  
Tags
 
Add a new tag
Caveats
  • Supply blocks, unpowered buildings, or Contaminate may cause inaccurate times.
  • Supply counts are checked every 10 seconds.